 Dungeon Crawl Stone Soup version 0.28.0-53-g5a82cb258f (webtiles) character file.

Game seed: 17457806043368984457

105 ILmort the Shield-Bearer (level 4, -8/36 HPs)
             Began as a Minotaur Fighter on Aug 13, 2022.
             Mangled by an iguana (10 damage)
             ... on level 4 of the Dungeon.
             The game lasted 00:04:57 (1784 turns).

ILmort the Shield-Bearer (Minotaur Fighter)         Turns: 1784, Time: 00:04:58

Health: -8/36      AC:  9    Str: 23    XL:     4   Next: 53%
Magic:  3/3        EV:  7    Int:  7    God:
Gold:   24         SH:  4    Dex:  9    Spells: 3/3 levels left

rFire   . . .      SeeInvis .   a - +0 flail
rCold   . . .      Faith    .   c - +0 buckler
rNeg    . . .      Spirit   .   o - +0 chain mail
rPois   .          Reflect  .   (helmet restricted)
rElec   .          Harm     .   (no cloak)
rCorr   .          Rampage  .   (no gloves)
Will    .....                   (no boots)
Stlth   ..........              (no amulet)
HPRegen 0.12/turn               (no ring)
MPRegen 0.08/turn               (no ring)

@: flying
A: horns 2, retaliatory headbutt, clever 1, frail 1, screaming 1, evolution 1
a: no special abilities


You were on level 4 of the Dungeon.
You visited 1 branch of the dungeon, and saw 3 of its levels.

You collected 24 gold pieces.

Inventory:

Hand Weapons
 a - a +0 flail (weapon)
Armour
 b - a +0 scale mail
 c - a +0 buckler (worn)
 n - a +0 pair of gloves
 o - a +0 chain mail (worn)
Scrolls
 e - 2 scrolls of amnesia {unknown}
 i - 2 scrolls of fear {unknown}
 k - a scroll of identify {unknown}
 l - a scroll of enchant weapon {unknown}
 p - a scroll of fog {unknown}
 q - a scroll of blinking {unknown}
Potions
 d - a potion of might
 h - a potion of curing {unknown}
 j - a potion of haste {unknown}
 m - a potion of invisibility {unknown}
 r - a potion of lignification {unknown}


   Skills:
 + Level 4.5 Fighting
 + Level 3.5 Maces & Flails
 + Level 4.5 Armour
 + Level 4.5 Shields


You had 3 spell levels left.
You didn't know any spells.
Your spell library was empty.

Dungeon Overview and Level Annotations

Branches:
Dungeon (2/15)

Altars:


Innate Abilities, Weirdness & Mutations

You have a pair of horns on your head.
You reflexively headbutt those who attack you in melee.
Your mind is acute. (Int +2)
You are frail. (-10% HP)
You occasionally shout uncontrollably at your foes.
You have hidden genetic potential.


Message History

You enter the shallow water.
Moving in this stuff is going to be slow.
Found an escape hatch in the ceiling.
A giant cockroach comes into view.
A giant cockroach is nearby!
A sourceless malevolence fills the Dungeon...
You fall into a shaft and drop 2 floors!
The shaft crumbles and collapses.
An iguana comes into view.
Found a stone staircase leading up.
The iguana bites you.
You closely miss the iguana. Your headbutt misses the iguana.
The iguana bites you.
You closely miss the iguana. The iguana barely misses you.
You hit the iguana but do no damage. You headbutt the iguana.
You block the iguana's attack.
The iguana bites you but does no damage.
You completely miss the iguana. The iguana bites you.
You closely miss the iguana.
The iguana bites you but does no damage.
You hit the iguana but do no damage. The iguana bites you.
You hit the iguana but do no damage. The iguana bites you. x2
You barely miss the iguana. You headbutt the iguana.
You block the iguana's attack.
You completely miss the iguana. Your headbutt misses the iguana.
The iguana barely misses you.
You hit the iguana. The iguana barely misses you.
You hit the iguana. The iguana bites you. The iguana bites you!
* * * LOW HITPOINT WARNING * * *
You completely miss the iguana. The iguana bites you!
* * * LOW HITPOINT WARNING * * *
It was a potion of flight.
You feel very buoyant.
You fly up into the air.
You block the iguana's attack.
It was a potion of mutation.
You feel extremely strange.
You feel clever.
You feel the urge to shout.
You feel frail.
You feel a hidden potential growing inside you.
You block the iguana's attack.
You hit the iguana. The iguana bites you!
You die...

...... .....#
#..#.# #....# .
.....###. ...
#........
.....###........
#......@l....#
......##....###
#.... .........
#... ##...####.
.<. ...... #.
....### # #....
..#.##


You could see an iguana.

Vanquished Creatures
  An iguana (D:2)
  An adder (D:2)
  A worm (D:2)
  4 dart slugs (D:1)
  7 bats
  4 endoplasms
  4 giant cockroaches
  6 hobgoblins
  6 jackals (D:1)
  A quokka (D:2)
  6 ball pythons
  3 frilled lizards
  5 goblins
  2 kobolds
  2 rats (D:2)
53 creatures vanquished.

Notes
Turn   | Place    | Note
-------+----------+-------------------------------------------
     0 | D:1      | ILmort the Minotaur Fighter began the quest for the Orb.
     0 | D:1      | Reached XP level 1. HP: 19/19 MP: 0/0
   230 | D:1      | Reached XP level 2. HP: 27/27 MP: 1/1
   584 | D:1      | Reached XP level 3. HP: 15/33 MP: 2/2
  1115 | D:2      | Reached XP level 4. HP: 17/41 MP: 3/3
  1725 | D:2      | Found a faded altar of an unknown god.
  1768 | D:2      | You fall into a shaft and drop 2 floors!
  1781 | D:4      | HP: 1/41 [iguana (8)]
  1783 | D:4      | Gained mutation: Your mind is acute. (Int +2) [potion of
                  | mutation]
  1783 | D:4      | Gained mutation: You occasionally shout uncontrollably at
                  | your foes. [potion of mutation]
  1783 | D:4      | Gained mutation: You are frail. (-10% HP) [potion of
                  | mutation]
  1783 | D:4      | Gained mutation: You have hidden genetic potential. [potion
                  | of mutation]
  1784 | D:4      | Mangled by an iguana

Illustrated notes

Levels and vault maps discovered:
D:1:      dpeg_arrival_simpleton_c, layout_basic, serial_curves, eino_curves_02,
          eino_curves_04, eino_curves_01, kennysheep_nondescript,
          glass_columns_b
D:2:      layout_rooms, chequers_ecumenical_altar_island
D:4:      layout_basic, mainiacjoe_overflow_cross_hatched, minmay_pentangle

Skill      XL: |  1  2 |
---------------+-------+-----
Armour         | 4 |  4.5
Shields        | 4 |  4.5
Fighting       | 4 |  4.5
Maces & Flails | 3 |  3.5

Action                   |  1- 3 |  4- 6 || total
-------------------------+-------+-------++-------
Melee: Flail             |    61 |    60 ||   121
       Headbutt          |     7 |     6 ||    13
  Use: Potion            |       |     2 ||     2
Armor: Scale mail        |    40 |    20 ||    60
       Chain mail        |       |    27 ||    27
Dodge: Dodged            |    38 |    21 ||    59
Block: Buckler           |    18 |    21 ||    39
